 Dungeon Crawl Stone Soup version 0.19-a0-1051-gdb7e7f8 (webtiles) character file.

10252 JustSomeDude the Envoy of Void (level 11, -5/86 HPs)
             Began as a Demonspawn Abyssal Knight on Aug 1, 2016.
             Was a High Priest of Lugonu.
             Slain by a fire elemental (7 damage)
             ... summoned by a deep elf mage
             ... on level 2 of the Orcish Mines.
             The game lasted 01:11:50 (11558 turns).

JustSomeDude the Envoy of Void (DsAK)              Turns: 11558, Time: 01:11:51

Health: -5/86      AC: 13    Str: 19    XL:     11   Next: 33%
Magic:  18/18      EV: 11    Int: 13    God:    Lugonu [*****.]
Gold:   973        SH:  0    Dex: 15    Spells: 0 memorised, 10 levels left

rFire  . . .     SeeInvis .     Q - +1 war axe (vamp)
rCold  . . .     Gourm    +     z - +4 ring mail of the Moon {Str+2}
rNeg   . . .     Faith    .     (no shield)
rPois  .         Spirit   .     O - +1 hat
rElec  .         Dismiss  .     A - +1 cloak
rCorr  .         Reflect  .     (no gloves)
SustAt .         Harm     .     (no boots)
MR     +....                    P - amulet "Gunk" {Gourm MR+}
Stlth  +.........               (no ring)
                                (no ring)

@: mighty, liquid flames, glowing, somewhat resistant to hostile enchantments,
very unstealthy
A: claws 2, powered by pain 2, weak 1, sturdy frame 1
a: Depart the Abyss, Bend Space, Banish, Corrupt, Enter the Abyss, Renounce
Religion


You were on level 2 of the Orcish Mines.
You worshipped Lugonu.
Lugonu was extremely pleased with you.
You were very full.

You visited 3 branches of the dungeon, and saw 13 of its levels.
You visited the Abyss 1 time.
You also visited: Sewer and Ossuary.

You collected 973 gold pieces.

Inventory:

Hand Weapons
 y - a +0 war axe
 Q - a +1 vampiric war axe (weapon)
 T - a +4 glaive of freezing
Missiles
 q - 5 tomahawks of returning (quivered)
Armour
 z - the +4 ring mail of the Moon (worn) {Str+2}
   (You found it on level 5 of the Dungeon)

   It affects your strength (+2).
 A - a +1 cloak (worn)
 O - a +1 hat (worn)
 R - the +1 ring mail "Rayff" {+Blink rN+}
   (You found it on level 8 of the Dungeon)

   It protects you from negative energy.
   It lets you blink.
Magical Staves
 g - an uncursed staff of conjuration
Jewellery
 i - an uncursed amulet of rage
 M - an uncursed ring of fire
 P - the amulet "Gunk" (around neck) {Gourm MR+}
   (You took it off an orc wizard on level 8 of the Dungeon)

   [amulet of the gourmand]

   It allows you to eat raw meat even when not hungry.
   It affects your resistance to hostile enchantments.
Wands
 b - a wand of paralysis (13/24)
 s - a wand of polymorph (18/24)
 t - a wand of slowing (35/48)
 E - a wand of acid (2/15)
 S - a wand of disintegration (8/24)
Scrolls
 a - 4 scrolls of enchant weapon
 e - 9 scrolls of identify
 h - 5 scrolls of remove curse
 j - a scroll of fog {unknown}
 k - a scroll of immolation {unknown}
 m - a scroll of noise
 p - a scroll of enchant armour
 r - 3 scrolls of magic mapping
 u - 3 scrolls of recharging
 v - 3 scrolls of teleportation
 w - a scroll of amnesia
 G - a scroll of random uselessness {unknown}
 I - a scroll of fear {unknown}
 K - a scroll of summoning {unknown}
Potions
 f - a potion of mutation {unknown}
 l - a potion of haste
 x - a potion of lignification {unknown}
 D - 4 potions of flight
 F - 6 potions of degeneration
 H - 3 potions of brilliance
 J - a potion of cure mutation {unknown}
 L - a potion of magic
 N - a potion of cancellation {unknown}
Comestibles
 c - 7 bread rations
 d - 5 beef jerkies
 o - a meat ration
 B - a slice of pizza
 C - 5 fruits


   Skills:
 + Level 7.8 Fighting
 + Level 7.3 Axes
 + Level 1.0 Throwing
 + Level 5.9 Armour
 + Level 8.0 Dodging
 + Level 1.7 Stealth
 * Level 9.7 Invocations
 * Level 6.2 Evocations


You had 10 spell levels left.
You didn't know any spells.

Dungeon Overview and Level Annotations

Branches:
Dungeon (10/15)            Temple (1/1) D:5             Orc (2/2) D:10
   Lair: D:8-11         Elf: Orc:2

Altars:
Ashenzari
Cheibriados
Dithmenos
Elyvilon
Fedhas
Gozag
Hepliaklqana
Kikubaaqudgha
Makhleb
Nemelex Xobeh
Okawaru
Pakellas
Qazlal
Ru
Trog
Uskayaw
Vehumet
Xom
Yredelemnul
Zin
The Shining One

Shops:
D:4 :   Orc:2 ([:

Annotations:
Orc:1 corrupted


Innate Abilities, Weirdness & Mutations

You have very sharp fingernails.
You sometimes gain power by taking damage.
Your movements are slightly less encumbered by armour. (ER -2)
You are weak. (Str -2)


Message History

The orc warrior is severely wounded.
The orc warrior hits you but does no damage.
You closely miss the orc warrior.
The orc warrior is severely wounded.
The deep elf mage gestures at you while chanting.
The sticky flame hits you!
You are covered in liquid flames!
The orc warrior misses you. The deep elf mage casts a spell at you.
The bolt of fire hits you!
You focus on the pain.
You feel very mighty all of a sudden.
You are covered in liquid flames!
* * * LOW HITPOINT WARNING * * *
The orc warrior hits you with a hand axe.
* * * LOW HITPOINT WARNING * * *
The deep elf mage casts a spell at you. The bolt of fire hits you!
* * * LOW HITPOINT WARNING * * *
The fire elemental hits you. The fire elemental burns you!
You die...

##..........##...
##.#.....§........
#..........§........ #
##.......#.#.........
#.#.......##(#.........
#.......##.##.e......
#...........##...... .
##..e..o.).......#.....
###...@.........#.....
#....E.......<..#
##...§...............
##..§........#.#....
#.#.#§......###....#
#......§...### #.# #
#...#.##.§#.# ##
##<#####..### ## ##.#


You could see a deep elf mage, a fire elemental and an orc warrior.

Vanquished Creatures
  An ogre mage (Orc:2)
  Pikel (D:7)
  A troll (D:8)
  10 two-headed ogres (Orc:2)
  The ghost of JustSomeDude the Poker, an amateur TeMo (D:3)
  2 wyverns
  A hippogriff (D:4)
  Grum (D:8)
  Edmund (D:6)
  A warg (D:10)
  3 orc warriors
  Duvessa (D:7)
  3 phantoms
  4 slaves (D:7)
  2 wolves (D:8)
  17 ogres
  2 centaurs
  A crocodile (D:9)
  A big kobold (Sewer)
  A gnoll sergeant (D:9)
  5 giant frogs
  Dowan (D:7)
  A scorpion (D:10)
  5 killer bees (D:8)
  2 wights (D:8)
  A howler monkey (D:4)
  3 giant frog zombies (D:5)
  4 hounds
  2 jellies
  3 orc priests
  A centaur skeleton (D:5)
  2 giant frog skeletons (D:5)
  6 orc wizards
  3 iguanas
  6 worker ants
  A killer bee zombie (D:3)
  2 hound zombies
  12 mummies (Ossuary)
  4 worker ant zombies (D:5)
  11 gnolls
  A howler monkey skeleton (D:4)
  10 adders
  A river rat (Sewer)
  2 shadow imps
  3 oozes
  2 adder skeletons (D:5)
  2 adder zombies
  5 worms
  3 dart slugs
  9 giant geckos
  55 orcs
  5 bats
  6 giant cockroaches
  8 goblins
  11 hobgoblins
  26 jackals
  6 quokkas
  2 ball pythons
  A ball python zombie (D:5)
  A giant cockroach zombie (D:5)
  A giant gecko skeleton (D:8)
  A giant gecko zombie (D:5)
  8 giant newts
  A gnoll skeleton (Ossuary)
  A goblin skeleton (Ossuary)
  9 kobolds
  5 kobold skeletons (Ossuary)
  An orc skeleton (Ossuary)
  2 quokka skeletons
  A quokka zombie (D:6)
  13 rats
  11 rat skeletons (Ossuary)
343 creatures vanquished.

Vanquished Creatures (others)
  Harold (Orc:1)
  2 ogre magi (Orc:2)
  An orc knight (Orc:1)
  2 orc sorcerers (Orc:1)
  A komodo dragon (D:10)
  A troll (Orc:1)
  2 two-headed ogres
  A steam dragon (D:8)
  An orc warrior (Orc:1)
  3 ogres
  A wight (D:8)
  A quasit (D:7)
  3 orc priests (Orc:1)
  An orc wizard (Orc:1)
  4 orcs (Orc:1)
  A ball python (D:7)
  6 starspawn tentacles (Orc:1)
  34 starspawn tentacle segments (Orc:1)
  4 toadstools (D:1)
70 creatures vanquished.

Grand Total: 413 creatures vanquished

Notes
Turn   | Place    | Note
-------+----------+-------------------------------------------
     0 | Abyss:1  | JustSomeDude the Demonspawn Abyssal Knight began the quest for the Orb.
     0 | Abyss:1  | Reached XP level 1. HP: 18/18 MP: 2/2
    89 | Abyss:2  | Noticed a large abomination
    90 | Abyss:2  | Noticed a neqoxec
    98 | Abyss:2  | Gained mutation: You are weak. (Str -2) [a neqoxec]
   101 | D:1      | Escaped the Abyss
   179 | D:1      | Reached skill level 1 in Dodging
   415 | D:1      | Gained mutation: You sometimes gain a little power by taking damage. [demonic ancestry]
   415 | D:1      | Reached XP level 2. HP: 19/24 MP: 3/3
   479 | D:1      | Reached * piety under Lugonu
   517 | D:1      | Gained mutation: You have sharp fingernails. [demonic ancestry]
   517 | D:1      | Reached XP level 3. HP: 15/29 MP: 4/4
  1091 | D:2      | Reached XP level 4. HP: 13/37 MP: 5/5
  1096 | D:2      | Reached ** piety under Lugonu
  1638 | D:2      | Reached XP level 5. HP: 32/42 MP: 6/6
  2058 | D:3      | Found a white marble altar of Elyvilon.
  2066 | D:3      | Noticed JustSomeDude's ghost (amateur TeMo)
  2083 | D:3      | Killed JustSomeDude's ghost
  2083 | D:3      | Gained mutation: You sometimes gain power by taking damage. [demonic ancestry]
  2083 | D:3      | Reached XP level 6. HP: 10/48 MP: 7/7
  3053 | D:4      | Noticed a hippogriff
  3068 | D:4      | Killed a hippogriff
  3068 | D:4      | Reached XP level 7. HP: 30/55 MP: 8/8
  3430 | D:4      | Reached *** piety under Lugonu
  3912 | D:4      | Found Wuabben's Book Emporium.
  4175 | D:5      | Entered Level 5 of the Dungeon
  4175 | D:5      | Found a staircase to the Ecumenical Temple.
  4204 | Temple   | Entered the Ecumenical Temple
  4324 | D:5      | Reached skill level 5 in Dodging
  4334 | D:5      | Reached skill level 1 in Stealth
  4464 | D:5      | Gained mutation: Your movements are slightly less encumbered by armour. (ER -2) [demonic ancestry]
  4464 | D:5      | Reached XP level 8. HP: 37/61 MP: 9/9
  4586 | D:5      | Reached skill level 1 in Evocations
  4680 | D:5      | Reached **** piety under Lugonu
  4715 | D:5      | Found a glowing drain.
  4719 | Sewer    | Entered a sewer
  4793 | Sewer    | Reached skill level 5 in Fighting
  4806 | Sewer    | Found a white marble altar of Elyvilon.
  4897 | D:5      | Got a shimmering ring mail
  4908 | D:5      | Identified the +4 ring mail of the Moon {Str+2} (You found it on level 5 of the Dungeon)
  5115 | D:5      | Found a sacrificial altar of Ru.
  5235 | D:5      | Found an ancient bone altar of Kikubaaqudgha.
  5236 | D:5      | Found a burning altar of Makhleb.
  5307 | D:6      | Found a glowing silver altar of Zin.
  5356 | D:6      | Reached skill level 3 in Invocations
  5363 | D:6      | Noticed Edmund
  5379 | D:6      | Killed Edmund
  5483 | D:6      | Found a hide-covered altar of Uskayaw.
  5485 | D:6      | Found a sand-covered staircase.
  5492 | Ossuary  | Entered an ossuary
  5829 | Ossuary  | Reached ***** piety under Lugonu
  6024 | D:6      | Reached skill level 4 in Invocations
  6415 | D:7      | Found a basalt altar of Yredelemnul.
  6482 | D:7      | Noticed Pikel
  6501 | D:7      | Killed Pikel
  6501 | D:7      | Reached skill level 5 in Axes
  6501 | D:7      | Reached XP level 9. HP: 69/69 MP: 12/12
  6659 | D:7      | Reached skill level 5 in Invocations
  6670 | D:7      | Reached skill level 5 in Armour
  6731 | D:7      | Found a basalt altar of Yredelemnul.
  6789 | D:7      | Noticed Dowan
  6791 | D:7      | Noticed Duvessa
  6805 | D:7      | Killed Duvessa
  6819 | D:7      | Killed Dowan
  7253 | D:7      | Found a bloodstained altar of Trog.
  7298 | D:8      | Noticed a troll
  7306 | D:8      | Killed a troll
  7513 | D:8      | Noticed Grum
  7542 | D:8      | Killed Grum
  7542 | D:8      | Reached skill level 6 in Invocations
  7992 | D:8      | Gained mutation: You have very sharp fingernails. [demonic ancestry]
  7992 | D:8      | Reached XP level 10. HP: 63/77 MP: 14/14
  8082 | D:8      | Got a faintly glowing jade amulet
  8484 | D:8      | Found an opulent altar of Gozag.
  8530 | D:8      | Got a brightly glowing ring mail
  8531 | D:8      | Identified the amulet "Gunk" {Gourm MR+} (You took it off an orc wizard on level 8 of the Dungeon)
  8542 | D:8      | Identified the +1 ring mail "Rayff" {+Blink rN+} (You found it on level 8 of the Dungeon)
  8989 | D:9      | Reached ****** piety under Lugonu
  9117 | D:10     | Entered Level 10 of the Dungeon
  9359 | D:10     | Reached skill level 1 in Throwing
  9373 | D:10     | Reached skill level 7 in Invocations
  9653 | D:10     | Found a staircase to the Orcish Mines.
  9663 | D:10     | Reached skill level 5 in Evocations
  9815 | Orc:1    | Entered Level 1 of the Orcish Mines
  9815 | Orc:1    | Noticed an orc sorcerer
  9815 | Orc:1    | Noticed an orc knight
  9816 | Orc:1    | Corrupted Orc:1
  9816 | Orc:1    | Noticed a worldbinder
  9816 | Orc:1    | Noticed a lich
  9816 | Orc:1    | Noticed a large abomination
  9816 | Orc:1    | Noticed a green draconian
  9816 | Orc:1    | Noticed a thrashing horror
  9816 | Orc:1    | Noticed a large abomination
  9816 | Orc:1    | Noticed a tentacled starspawn
  9816 | Orc:1    | Noticed a thrashing horror
  9816 | Orc:1    | Noticed a deep elf elementalist
  9816 | Orc:1    | Noticed a thrashing horror
  9816 | Orc:1    | Noticed a large abomination
  9817 | Orc:1    | Noticed a large abomination
  9819 | Orc:1    | Noticed a deep elf mage
  9819 | Orc:1    | Noticed a deep elf mage
  9819 | Orc:1    | Noticed a deep elf mage
  9820 | Orc:1    | Noticed a smoke demon
  9820 | Orc:1    | Noticed a sixfirhy
  9820 | Orc:1    | Noticed a worldbinder
  9820 | Orc:1    | Killed an orc sorcerer
  9820 | Orc:1    | Killed an orc knight
  9822 | Orc:1    | Killed an orc sorcerer
  9920 | Orc:1    | Noticed a tentacled starspawn
  9923 | Orc:1    | Noticed a tentacled starspawn
  9927 | Orc:1    | Noticed a tentacled starspawn
  9930 | Orc:1    | Noticed a deep elf elementalist
  9930 | Orc:1    | Noticed a large abomination
  9936 | Orc:1    | Noticed an eye of devastation
  9936 | Orc:1    | a glowing shapeshifter changed into an eye of devastation
  9937 | Orc:1    | Noticed a death drake
  9937 | Orc:1    | an eye of devastation changed into a death drake
  9982 | Orc:1    | Noticed Harold
 10001 | Orc:1    | Killed Harold
 10006 | Orc:1    | Noticed a black mamba
 10006 | Orc:1    | a polar bear changed into a black mamba
 10008 | Orc:1    | a black mamba changed into a rime drake
 10090 | Orc:2    | Entered Level 2 of the Orcish Mines
 10123 | Orc:2    | Found Geeceu Ifeo's Book Shoppe.
 10141 | Orc:2    | Found Tawk's Armour Emporium.
 10148 | Orc:2    | Found Tofan's Antique Weapon Shoppe.
 10473 | Orc:2    | Noticed an ogre mage
 10473 | Orc:2    | Noticed an ogre mage
 10518 | Orc:2    | Banished an ogre mage
 10528 | Orc:2    | Reached skill level 8 in Invocations
 10576 | Orc:2    | Noticed an ogre mage
 10578 | Orc:2    | Banished an ogre mage
 10578 | Orc:2    | Reached skill level 9 in Invocations
 10578 | Orc:2    | Reached XP level 11. HP: 84/84 MP: 17/17
 10653 | Orc:2    | Killed an ogre mage
 10741 | Orc:2    | Noticed an ogre mage
 10751 | Orc:2    | HP: 4/86 [ogre/giant club (10)]
 10778 | Orc:2    | Noticed a deep elf mage
 11558 | Orc:2    | HP: 2/86 [deep elf mage/bolt of fire (15)]
 11558 | Orc:2    | Slain by a fire elemental

Vault maps used:
D:1:      ldierk_walled_garden_2
D:2:      first_bread, feat_on_display
D:3:      lemuel_doored_altar
D:4:      serial_shops, kennysheep_little_box
D:5:      nicolae_overflow_hidden_temple, gup_sewer_entry_spiral, serial_undead,
          serial_undead_c, serial_undead_b, serial_undead_c, serial_undead_d,
          serial_undead_d, serial_undead_d, serial_undead_c, serial_undead_b
D:6:      lemuel_upstairs_altar, kennysheep_mini, enter_ossuary_3, basic_altar,
          uniq_edmund
D:7:      marbit_many_paths, nicolae_overflow_crystal_walls, basic_altar,
          uniq_duvessa, uniq_pikel
D:8:      lemuel_crystal_altar, uniq_grum
D:9:      led_sif_book, lair_0_dummy
D:10:     david_orc_3
Temple:   dshaligram_water_room_temple
Orc:1:    uniq_harold
Orc:2:    st_orc_ogre_mass, serial_shops, shop, shop, shop, shop
Abyss:1:  guppyfry_abyss_exit_imp_island
Abyss:2:  evilmike_abyss_exit_mutagenic, evilmike_abyss_exit_3
Sewer:    sewer_kobolds
Ossuary:  ossuary_due_small_catacomb

Skill      XL: |  1  2  3  4  5  6  7  8  9 10 11 |
---------------+----------------------------------+-----
Dodging        | 1 2 3 4 5 6 7 8 |  8.0
Armour         | 2 3 4 5 |  5.9
Axes           | 2 3 5 6 7 |  7.3
Fighting       | 4 5 6 7 |  7.8
Stealth        | 1 |  1.7
Evocations     | 2 4 5 6 |  6.2
Invocations    | 4 6 9 |  9.7
Throwing       | 1 |  1.0

Action                   |  1- 3 |  4- 6 |  7- 9 | 10-12 || total
-------------------------+-------+-------+-------+-------++-------
Melee: Hand axe          |   117 |   241 |    11 |       ||   369
       War axe           |       |       |   711 |   415 ||  1126
       Trident           |       |       |    10 |       ||    10
       Staff             |       |       |       |     4 ||     4
Throw: Tomahawk          |       |       |     4 |     2 ||     6
Invok: Depart the Abyss  |     1 |       |       |       ||     1
       Bend Space        |       |       |     1 |       ||     1
       Banish            |       |       |     1 |     7 ||     8
       Corrupt           |       |       |       |     1 ||     1
 Abil: Evoke Berserk Rag |     1 |     4 |     7 |     1 ||    13
Evoke: Wand              |       |     4 |     3 |     6 ||    13
  Use: Potion            |       |     4 |     6 |     3 ||    13
       Scroll            |       |     1 |     6 |    13 ||    20
 Stab: Distracted        |       |       |     1 |       ||     1
  Eat: Chunk             |     1 |     9 |    18 |    31 ||    59
       Bread ration      |       |       |     1 |       ||     1
       Pizza             |       |       |     1 |       ||     1
       Meat ration       |       |       |       |     3 ||     3
       Fruit             |       |       |       |     3 ||     3
Armor: Ring mail         |    54 |    74 |   266 |   129 ||   523
       Leather armour    |     3 |       |       |       ||     3
Dodge: Dodged            |    81 |   169 |   590 |   405 ||  1245
